 Dungeon Crawl Stone Soup version 0.30.1-3-gfc49f6343a (webtiles) character file.

Game seed: 10886114562449228934

49 shmup the Firebug (level 3, -3/19 HPs)
             Began as a Tengu Fire Elementalist on July 18, 2023.
             Slain by an orc
             ... wielding a +0 mace
              (6 damage)
             ... on level 2 of the Dungeon.
             The game lasted 00:02:30 (945 turns).

shmup the Firebug (Tengu Fire Elementalist)          Turns: 945, Time: 00:02:31

Health: -3/19      AC:  2    Str:  8    XL:     3   Next: 75%
Magic:  1/7        EV: 12    Int: 17    God:
Gold:   95         SH:  0    Dex: 14    Spells: 3/6 levels left

rFire   . . .        k - +0 dagger
rCold   . . .        (no shield)
rNeg    . . .        a - +0 robe
rPois   .            (helmet restricted)
rElec   .            (no cloak)
rCorr   .            (no gloves)
SInv    .            (boots unavailable)
Will    .....        (no amulet)
Stlth   ++           (no ring)
HPRegen 0.23/turn    (no ring)
MPRegen 0.10/turn

%: no passive effects
@: no status effects
A: beak, talons 3
a: no special abilities


You were on level 2 of the Dungeon.
You visited 1 branch of the dungeon, and saw 2 of its levels.

You collected 95 gold pieces.

Inventory:

Hand Weapons
 k - a +0 dagger (weapon)
 m - a +0 spear
Missiles
 c - 3 stones (quivered)
Armour
 a - a +0 robe (worn)
 f - a +0 cloak
Magical Staves
 l - a staff of death
Scrolls
 d - a scroll of vulnerability {unknown}
 e - 3 scrolls of identify {unknown}
 h - a scroll of magic mapping {unknown}
 i - a scroll of fear {unknown}
 j - a scroll of brand weapon {unknown}
Potions
 b - a potion of magic
 g - a potion of resistance {unknown}


   Skills:
 - Level 2.1 Dodging
 - Level 2.0 Stealth
 - Level 2.0 Spellcasting
 + Level 2.8 Conjurations
 * Level 4.5 Fire Magic


You had 3 spell levels left.
You knew the following spells:

 Your Spells              Type           Power      Damage    Failure   Level
a - Foxfire               Conj/Fire      56%        2x1d6     4%          1
b - Scorch                Fire           34%        2d6       4%          2

Your spell library contained the following spells:

 Spells                   Type           Power      Damage    Failure   Level
 Kiss of Death            Conj/Necr      24%        2d7       11%         1
 Inner Flame              Hex/Fire       9%         N/A       22%         3
 Volatile Blastmotes      Fire/Tloc      18%        2d11      22%         3
 Confusing Touch          Hex            1%         N/A       50%         3
 Flame Wave               Conj/Fire      14%        2d6       38%         4
 Dispel Undead            Necr           1%         3d6       88%         4


Dungeon Overview and Level Annotations

Branches:
Dungeon (2/15)

Altars:


Innate Abilities, Weirdness & Mutations

You have a beak for a mouth.
You have claws for feet.


Message History

You conjure some foxfire!
The hobgoblin closely misses you. The goblin closely misses you.
The orc barely misses you.
Your magical contamination has completely faded away.
The foxfire hits the hobgoblin.
The hobgoblin is heavily wounded.
The foxfire hits the orc but does no damage.
The orc closely misses you. The goblin barely misses you.
The hobgoblin barely misses you.
Casting: Foxfire (safe; 4% risk of failure)
Confirm with . or Enter, or press ? or * to list all spells.
You conjure some foxfire!
The hobgoblin barely misses you. The goblin closely misses you.
The orc hits you but does no damage.
The foxfire hits the hobgoblin.
The hobgoblin is severely wounded.
The foxfire hits the orc but does no damage.
The orc barely misses you. The goblin hits you with a +0 mace.
* * * LOW HITPOINT WARNING * * *
The hobgoblin closely misses you.
Casting: Foxfire (safe; 4% risk of failure)
Confirm with . or Enter, or press ? or * to list all spells.
You conjure some foxfire!
The hobgoblin hits you but does no damage.
The goblin hits you with a +0 mace.
* * * LOW HITPOINT WARNING * * *
The orc barely misses you.
The foxfire hits the hobgoblin.
You kill the hobgoblin!
The foxfire hits the goblin.
You kill the goblin!
The orc closely misses you. The orc attacks as you move away!
The orc hits you but does no damage.
There is a stone staircase leading up here.
Casting: Foxfire (safe; 4% risk of failure)
Confirm with . or Enter, or press ? or * to list all spells.
You conjure some foxfire!
The orc barely misses you.
The foxfire hits the orc but does no damage.
The foxfire hits the orc.
The orc is heavily wounded.
The orc hits you with a +0 mace.
You die...

. ▒.▒ ....▒▒▒▒▒.▒
▒▒▒▒▒
..........▒▒.....
....▒▒▒▒▒........ .
▒▒.....▒▒▒▒
▒▒.......▒▒ ...
▒.....%)..▒ ..▒
▒.....o...▒
..▒▒.....Q...▒▒▒▒▒▒
..▒....##..[......
▒.▒.....%...▒▒▒▒▒
▒.▒▒.......▒▒
..▒▒▒...........▒▒
.................▒▒
..▒▒▒▒..............
▒▒▒▒.........▒▒▒▒
▒.........>..▒
......


You could see an orc.

Vanquished Creatures
  An adder (D:2)
  2 dart slugs
  An orc (D:2)
  2 ball pythons (D:1)
  A bat (D:1)
  4 endoplasms
  3 giant cockroaches
  5 hobgoblins
  2 quokkas (D:1)
  3 frilled lizards
  2 goblins
  A kobold (D:1)
  4 rats (D:1)
31 creatures vanquished.

Vanquished Creatures (others)
  86 foxfires
86 creatures vanquished.

Grand Total: 117 creatures vanquished

Notes
Turn   | Place    | Note
-------+----------+-------------------------------------------
     0 | D:1      | shmup the Tengu Fire Elementalist began the quest for the
                  | Orb.
     0 | D:1      | Reached XP level 1. HP: 10/10 MP: 4/4
   163 | D:1      | Reached XP level 2. HP: 15/15 MP: 1/6
   275 | D:1      | Learned a level 2 spell: Scorch
   359 | D:1      | Reached skill level 4 in Fire Magic
   516 | D:1      | Reached XP level 3. HP: 19/19 MP: 5/7
   945 | D:2      | Slain by an orc

Illustrated notes

Levels and vault maps discovered:
D:1:      lightli_arrival_statuegarden, layout_rooms, minmay_cupped
D:2:      layout_rooms, basic_ecumenical_altar, dreamdust_mushroom_princess,
          guppyfry_early_orc_mine

Skill      XL: |  1  2 |
---------------+-------+-----
Conjurations   | 2 |  2.8
Fire Magic     | 4 |  4.5
Dodging        | |  2.1
Stealth        | |  2.0
Spellcasting   | |  2.0

Action                     || total
---------------------------++-------
  Melee: Dagger            ||     1
         Peck              ||     1
   Cast: Foxfire           ||    48
 Armour: Robe              ||     4
  Dodge: Dodged            ||    21
